[ AOE2 MATCH · #478409298 ]
UnrankedBerbers vs Mapuche
[ REPLAY ANALYSIS · EXTRACTED FROM THE RECORDED GAME ]
Feudal
12:30
Castle
—
Imperial
—
| APM avg | 38.6 |
| APM peak | 63 |
| eAPM avg | 18.1 |
| Villagers / military | 34 / 7 |
Focus
⚔️ 32.6% · 🌾 67.4%
Scout Cavalry ×5 · Spearman ×2
Feudal
13:19
Castle
17:48
Imperial
—
| APM avg | 23.4 |
| APM peak | 39 |
| eAPM avg | 10.0 |
| Villagers / military | 26 / 1 |
Focus
⚔️ 30.0% · 🌾 70.0%
Spearman ×1
Feudal
11:50
Castle
—
Imperial
—
| APM avg | 61.0 |
| APM peak | 95 |
| eAPM avg | 27.6 |
| Villagers / military | 39 / 20 |
Focus
⚔️ 29.4% · 🌾 70.6%
Archer ×17 · Spearman ×3 · Unknown (2550) ×1
Feudal
11:49
Castle
—
Imperial
—
| APM avg | 41.5 |
| APM peak | 61 |
| eAPM avg | 14.8 |
| Villagers / military | 42 / 8 |
Focus
⚔️ 32.6% · 🌾 67.4%
Scout Cavalry ×6 · Spearman ×2
Feudal
12:24
Castle
—
Imperial
—
| APM avg | 27.6 |
| APM peak | 45 |
| eAPM avg | 11.0 |
| Villagers / military | 37 / 11 |
Focus
⚔️ 21.8% · 🌾 78.2%
Scout Cavalry ×11
Feudal
10:49
Castle
—
Imperial
—
| APM avg | 37.8 |
| APM peak | 63 |
| eAPM avg | 20.2 |
| Villagers / military | 44 / 9 |
Focus
⚔️ 37.0% · 🌾 63.0%
Scout Cavalry ×8 · Spearman ×1
Match map
Initial resources + every placement click. Lines = walls · curves = elevation contours. ◆ gold · ⬟ stone · ● berries · ✦ relic · ◌ wall gap
Your base· Open — unwalled flank
Wicho's base· Open — 7t gap
[CL] Sebag's base· Open — unwalled flank
[CL] ßitokø × 1876's base· Open — unwalled flank
Kenny Powers's base· Open — 9t gap
[CL] TheCobra's base· Open — unwalled flank
Smoothed initial terrain · ◌ = detected wall gap · hover for details
Inputs per minute
— DbZ_GoGeTa - - Wicho
Build order — DbZ_GoGeTa
69 actions detected in the replay
| 0:52 | Build | Town Center |
| 2:39 | Queue | Villager (Male) |
| 2:39 | Queue | Villager (Male) |
| 2:39 | Queue | Villager (Male) |
| 2:39 | Queue | Villager (Male) |
| 2:47 | Build | House |
| 3:42 | Queue | Villager (Male) |
| 3:42 | Queue | Villager (Male) |
| 4:01 | Queue | Villager (Male) |
| 4:18 | Research | Loom |
| 4:29 | Queue | Villager (Male) |
| 4:53 | Build | House |
| 5:13 | Build | Lumber Camp |
| 5:49 | Queue | Villager (Male) |
| 5:49 | Queue | Villager (Male) |
| 5:50 | Queue | Villager (Male) |
| 5:50 | Queue | Villager (Male) |
| 6:46 | Queue | Villager (Male) |
| 7:25 | Queue | Villager (Male) |
| 7:58 | Build | House |
| 8:12 | Queue | Villager (Male) |
| 8:46 | Build | Mill |
| 8:50 | Queue | Villager (Male) |
| 9:25 | Queue | Villager (Male) |
| 9:29 | Build | House |
| 9:55 | Queue | Villager (Male) |
| 10:18 | Research | Feudal Age |
| 10:19 | Queue | Villager (Male) |
| 10:58 | Queue | Villager (Male) |
| 11:25 | Build | House |
| 11:57 | Build | Barracks |
| 12:04 | Build | Palisade Wall |
| 12:07 | Build | Palisade Wall |
| 12:30 | Age | Feudal Age |
| 12:46 | Build | Stable |
| 13:07 | Queue | Villager (Male) |
| 13:15 | Queue | Villager (Male) |
| 13:25 | Build | Blacksmith |
| 13:31 | Build | House |
| 13:32 | Queue | Scout Cavalry |
| 13:39 | Queue | Spearman |
| 13:58 | Queue | Spearman |
| 14:02 | Build | Palisade Gate |
| 14:05 | Build | House |
| 14:07 | Build | Palisade Wall |
| 14:12 | Queue | Villager (Male) |
| 14:18 | Queue | Villager (Male) |
| 14:24 | Build | Palisade Wall |
| 14:26 | Build | Palisade Wall |
| 14:32 | Build | Palisade Wall |
| 14:38 | Queue | Villager (Male) |
| 14:48 | Queue | Villager (Male) |
| 14:59 | Queue | Scout Cavalry |
| 15:04 | Queue | Villager (Male) |
| 15:20 | Queue | Villager (Male) |
| 15:22 | Queue | Villager (Male) |
| 15:28 | Queue | Scout Cavalry |
| 15:48 | Queue | Scout Cavalry |
| 15:52 | Queue | Villager (Male) |
| 15:54 | Build | Mining Camp |
| 15:57 | Build | Mining Camp |
| 16:02 | Queue | Villager (Male) |
| 16:27 | Queue | Villager (Male) |
| 16:41 | Build | Farm |
| 16:44 | Build | Farm |
| 16:45 | Queue | Villager (Male) |
| 17:07 | Queue | Villager (Male) |
| 17:19 | Build | Watch Tower |
| 17:24 | Queue | Scout Cavalry |
Build order — Wicho
77 actions detected in the replay
| 0:46 | Build | Town Center |
| 2:03 | Build | House |
| 3:09 | Queue | Villager (Male) |
| 3:09 | Queue | Villager (Male) |
| 3:10 | Queue | Villager (Male) |
| 3:10 | Queue | Villager (Male) |
| 3:25 | Build | House |
| 4:10 | Queue | Villager (Male) |
| 4:38 | Queue | Villager (Male) |
| 4:38 | Queue | Villager (Male) |
| 5:28 | Queue | Villager (Male) |
| 5:28 | Queue | Villager (Male) |
| 6:30 | Queue | Villager (Male) |
| 6:30 | Queue | Villager (Male) |
| 6:30 | Queue | Villager (Male) |
| 6:31 | Queue | Villager (Male) |
| 7:01 | Build | House |
| 7:28 | Research | Loom |
| 8:01 | Queue | Villager (Male) |
| 8:02 | Queue | Villager (Male) |
| 8:02 | Queue | Villager (Male) |
| 8:39 | Queue | Villager (Male) |
| 8:40 | Queue | Villager (Male) |
| 8:40 | Queue | Villager (Male) |
| 9:09 | Build | House |
| 9:36 | Build | Mining Camp |
| 9:43 | Build | Mill |
| 9:49 | Build | Mining Camp |
| 10:19 | Queue | Villager (Male) |
| 10:44 | Build | Palisade Wall |
| 11:04 | Build | Palisade Wall |
| 11:07 | Build | Palisade Wall |
| 11:09 | Research | Feudal Age |
| 11:25 | Build | Palisade Wall |
| 11:27 | Build | Palisade Wall |
| 11:28 | Build | Palisade Wall |
| 11:45 | Build | House |
| 11:49 | Queue | Villager (Male) |
| 11:49 | Queue | Villager (Male) |
| 11:49 | Queue | Villager (Male) |
| 12:24 | Build | Palisade Wall |
| 12:28 | Build | Palisade Wall |
| 12:30 | Build | Palisade Wall |
| 12:32 | Build | Palisade Wall |
| 12:41 | Build | Palisade Wall |
| 12:43 | Build | Palisade Wall |
| 12:45 | Build | Palisade Wall |
| 12:48 | Build | Palisade Wall |
| 13:10 | Build | Palisade Wall |
| 13:19 | Age | Feudal Age |
| 13:21 | Build | Blacksmith |
| 13:23 | Build | Market |
| 13:27 | Build | Palisade Wall |
| 13:43 | Build | Palisade Wall |
| 13:55 | Build | Mining Camp |
| 13:59 | Build | Palisade Wall |
| 14:58 | Build | Barracks |
| 15:01 | Build | House |
| 15:08 | Research | Castle Age |
| 15:09 | Research | Castle Age |
| 15:32 | Build | House |
| 15:53 | Build | Lumber Camp |
| 16:30 | Queue | Spearman |
| 16:40 | Build | Palisade Wall |
| 16:43 | Queue | Villager (Male) |
| 17:00 | Build | House |
| 17:15 | Build | Palisade Wall |
| 17:16 | Build | Palisade Wall |
| 17:17 | Build | Palisade Wall |
| 17:19 | Build | Palisade Wall |
| 17:22 | Build | Palisade Wall |
| 17:34 | Build | Palisade Wall |
| 17:37 | Queue | Villager (Male) |
| 17:48 | Age | Castle Age |
| 18:04 | Build | Castle |
| 18:11 | Build | Palisade Wall |
| 18:35 | Queue | Villager (Male) |
Build order — [CL] Sebag
90 actions detected in the replay
| 0:23 | Build | Town Center |
| 1:41 | Build | House |
| 2:20 | Queue | Villager (Male) |
| 2:21 | Queue | Villager (Male) |
| 2:21 | Queue | Villager (Male) |
| 2:21 | Queue | Villager (Male) |
| 3:28 | Queue | Villager (Male) |
| 3:28 | Queue | Villager (Male) |
| 3:47 | Queue | Villager (Male) |
| 3:48 | Queue | Villager (Male) |
| 4:07 | Build | Settlement |
| 4:14 | Queue | Villager (Male) |
| 4:14 | Queue | Villager (Male) |
| 4:43 | Queue | Villager (Male) |
| 5:38 | Queue | Villager (Male) |
| 5:38 | Queue | Villager (Male) |
| 5:38 | Queue | Villager (Male) |
| 5:56 | Queue | Villager (Male) |
| 5:56 | Queue | Villager (Male) |
| 6:17 | Build | House |
| 6:26 | Queue | Villager (Male) |
| 6:31 | Queue | Villager (Male) |
| 6:31 | Queue | Villager (Male) |
| 6:32 | Queue | Villager (Male) |
| 7:10 | Queue | Villager (Male) |
| 7:34 | Build | House |
| 7:47 | Queue | Villager (Male) |
| 7:49 | Build | House |
| 8:27 | Queue | Villager (Male) |
| 8:39 | Build | Settlement |
| 9:40 | Research | Feudal Age |
| 9:40 | Research | Feudal Age |
| 10:16 | Build | Barracks |
| 10:53 | Queue | Villager (Male) |
| 10:55 | Research | Loom |
| 11:16 | Queue | Villager (Male) |
| 11:50 | Age | Feudal Age |
| 11:53 | Build | Archery Range |
| 11:58 | Queue | Villager (Male) |
| 12:01 | Research | Double-Bit Axe |
| 12:16 | Queue | Villager (Male) |
| 12:19 | Queue | Unit 2550 |
| 12:20 | Build | Blacksmith |
| 12:37 | Queue | Villager (Male) |
| 12:40 | Queue | Archer |
| 13:00 | Build | House |
| 13:07 | Build | House |
| 13:16 | Queue | Archer |
| 13:22 | Queue | Archer |
| 13:32 | Queue | Archer |
| 13:33 | Queue | Archer |
| 13:51 | Queue | Villager (Male) |
| 14:01 | Build | Settlement |
| 14:05 | Research | Fletching |
| 14:05 | Queue | Villager (Male) |
| 14:06 | Queue | Archer |
| 14:21 | Build | Archery Range |
| 14:30 | Queue | Spearman |
| 14:33 | Queue | Spearman |
| 15:18 | Queue | Archer |
| 15:32 | Queue | Spearman |
| 15:38 | Queue | Villager (Male) |
| 15:45 | Queue | Villager (Male) |
| 15:47 | Queue | Archer |
| 15:47 | Queue | Archer |
| 15:48 | Build | House |
| 15:49 | Queue | Villager (Male) |
| 16:01 | Build | Settlement |
| 16:22 | Queue | Archer |
| 16:22 | Queue | Archer |
| 16:22 | Queue | Archer |
| 16:32 | Queue | Villager (Male) |
| 16:39 | Build | Farm |
| 16:41 | Queue | Archer |
| 16:41 | Queue | Archer |
| 16:43 | Build | House |
| 16:58 | Queue | Archer |
| 16:58 | Queue | Archer |
| 17:11 | Queue | Villager (Male) |
| 17:11 | Queue | Villager (Male) |
| 17:26 | Queue | Archer |
| 17:27 | Build | Farm |
| 18:08 | Queue | Villager (Male) |
| 18:09 | Queue | Villager (Male) |
| 18:11 | Build | Farm |
| 18:23 | Build | Farm |
| 18:31 | Build | Farm |
| 18:37 | Queue | Villager (Male) |
| 18:42 | Build | Farm |
| 18:45 | Build | Farm |
Build order — [CL] ßitokø × 1876
87 actions detected in the replay
| 0:16 | Build | Town Center |
| 0:25 | Build | Lumber Camp |
| 2:28 | Queue | Villager (Male) |
| 2:29 | Queue | Villager (Male) |
| 2:29 | Queue | Villager (Male) |
| 2:38 | Queue | Villager (Male) |
| 2:38 | Queue | Villager (Male) |
| 3:27 | Queue | Villager (Male) |
| 4:19 | Queue | Villager (Male) |
| 4:34 | Queue | Villager (Male) |
| 4:55 | Queue | Villager (Male) |
| 4:55 | Queue | Villager (Male) |
| 5:31 | Build | Lumber Camp |
| 5:34 | Queue | Villager (Male) |
| 5:35 | Queue | Villager (Male) |
| 5:36 | Queue | Villager (Male) |
| 5:36 | Queue | Villager (Male) |
| 6:01 | Queue | Villager (Male) |
| 6:26 | Queue | Villager (Male) |
| 6:43 | Queue | Villager (Male) |
| 7:12 | Queue | Villager (Male) |
| 7:27 | Build | Palisade Wall |
| 7:43 | Queue | Villager (Male) |
| 7:52 | Queue | Villager (Male) |
| 8:12 | Queue | Villager (Male) |
| 8:27 | Queue | Villager (Male) |
| 8:30 | Build | Palisade Wall |
| 8:44 | Queue | Villager (Male) |
| 8:51 | Build | Palisade Wall |
| 9:09 | Research | Loom |
| 9:14 | Build | Mill |
| 9:39 | Research | Feudal Age |
| 10:43 | Build | Barracks |
| 11:49 | Queue | Villager (Male) |
| 11:49 | Age | Feudal Age |
| 11:52 | Build | Stable |
| 12:04 | Research | Double-Bit Axe |
| 12:04 | Research | Double-Bit Axe |
| 12:06 | Queue | Villager (Male) |
| 12:18 | Queue | Villager (Male) |
| 12:40 | Queue | Scout Cavalry |
| 12:40 | Queue | Scout Cavalry |
| 12:40 | Queue | Scout Cavalry |
| 12:43 | Queue | Villager (Male) |
| 12:47 | Build | Palisade Wall |
| 12:50 | Build | Palisade Wall |
| 12:51 | Build | Palisade Wall |
| 13:04 | Queue | Villager (Male) |
| 13:09 | Queue | Scout Cavalry |
| 13:15 | Build | Palisade Wall |
| 13:15 | Queue | Spearman |
| 13:19 | Build | Palisade Wall |
| 13:22 | Queue | Scout Cavalry |
| 13:53 | Queue | Villager (Male) |
| 14:07 | Build | Palisade Wall |
| 14:15 | Build | Palisade Wall |
| 14:17 | Build | Palisade Wall |
| 14:20 | Queue | Scout Cavalry |
| 14:30 | Build | Blacksmith |
| 14:33 | Queue | Villager (Male) |
| 14:36 | Queue | Villager (Male) |
| 14:47 | Build | Palisade Wall |
| 14:51 | Queue | Villager (Male) |
| 15:04 | Queue | Villager (Male) |
| 15:15 | Research | Forging |
| 15:29 | Queue | Villager (Male) |
| 15:33 | Build | Palisade Wall |
| 15:48 | Queue | Villager (Male) |
| 15:55 | Research | Scale Barding Armor |
| 16:18 | Queue | Villager (Male) |
| 16:28 | Queue | Villager (Male) |
| 16:29 | Build | Farm |
| 16:31 | Build | Mill |
| 16:32 | Build | Farm |
| 16:32 | Build | Farm |
| 16:33 | Build | Farm |
| 16:33 | Build | Farm |
| 16:37 | Queue | Villager (Male) |
| 17:01 | Queue | Villager (Male) |
| 17:03 | Build | Farm |
| 17:17 | Queue | Villager (Male) |
| 17:34 | Queue | Villager (Male) |
| 17:36 | Build | Mining Camp |
| 17:38 | Queue | Spearman |
| 17:56 | Queue | Villager (Male) |
| 18:19 | Build | Farm |
| 18:39 | Build | Palisade Wall |
Build order — Kenny Powers
78 actions detected in the replay
| 0:03 | Build | Town Center |
| 0:16 | Build | Town Center |
| 1:37 | Build | House |
| 2:31 | Queue | Villager (Male) |
| 2:31 | Queue | Villager (Male) |
| 2:32 | Queue | Villager (Male) |
| 2:32 | Queue | Villager (Male) |
| 2:49 | Queue | Villager (Male) |
| 2:49 | Queue | Villager (Male) |
| 4:11 | Queue | Villager (Male) |
| 4:11 | Queue | Villager (Male) |
| 4:46 | Queue | Villager (Male) |
| 4:46 | Queue | Villager (Male) |
| 5:29 | Build | House |
| 5:30 | Research | Loom |
| 5:33 | Queue | Villager (Male) |
| 5:56 | Queue | Villager (Male) |
| 6:20 | Queue | Villager (Male) |
| 6:20 | Queue | Villager (Male) |
| 6:33 | Build | Mill |
| 6:42 | Queue | Villager (Male) |
| 6:43 | Queue | Villager (Male) |
| 7:08 | Queue | Villager (Male) |
| 7:39 | Build | House |
| 8:13 | Build | Lumber Camp |
| 8:31 | Queue | Villager (Male) |
| 9:24 | Queue | Villager (Male) |
| 9:33 | Queue | Villager (Male) |
| 9:40 | Build | House |
| 9:44 | Build | House |
| 10:05 | Queue | Villager (Male) |
| 10:13 | Research | Feudal Age |
| 10:13 | Research | Feudal Age |
| 11:17 | Build | Barracks |
| 11:37 | Queue | Villager (Male) |
| 11:37 | Queue | Villager (Male) |
| 12:24 | Age | Feudal Age |
| 12:32 | Build | Stable |
| 12:53 | Queue | Villager (Male) |
| 13:00 | Research | Double-Bit Axe |
| 13:07 | Queue | Villager (Male) |
| 13:22 | Build | House |
| 13:23 | Queue | Scout Cavalry |
| 13:23 | Queue | Scout Cavalry |
| 13:38 | Build | Palisade Wall |
| 13:43 | Build | House |
| 13:54 | Queue | Scout Cavalry |
| 14:06 | Queue | Villager (Male) |
| 14:11 | Build | Palisade Wall |
| 14:18 | Build | House |
| 14:20 | Queue | Scout Cavalry |
| 14:20 | Queue | Villager (Male) |
| 14:29 | Build | Blacksmith |
| 14:43 | Build | Palisade Wall |
| 14:47 | Queue | Villager (Male) |
| 15:10 | Queue | Villager (Male) |
| 15:19 | Research | Forging |
| 15:21 | Queue | Scout Cavalry |
| 15:38 | Queue | Scout Cavalry |
| 15:39 | Queue | Villager (Male) |
| 16:03 | Build | Mining Camp |
| 16:12 | Queue | Villager (Male) |
| 16:14 | Queue | Scout Cavalry |
| 16:15 | Queue | Scout Cavalry |
| 16:26 | Research | Scale Barding Armor |
| 16:29 | Queue | Villager (Male) |
| 16:41 | Build | Market |
| 16:49 | Build | Mill |
| 17:00 | Queue | Scout Cavalry |
| 17:01 | Queue | Villager (Male) |
| 17:21 | Queue | Villager (Male) |
| 17:34 | Build | House |
| 17:39 | Build | Lumber Camp |
| 17:49 | Queue | Scout Cavalry |
| 17:49 | Queue | Villager (Male) |
| 18:07 | Queue | Scout Cavalry |
| 18:34 | Queue | Villager (Male) |
| 18:34 | Queue | Villager (Male) |
Build order — [CL] TheCobra
101 actions detected in the replay
| 0:31 | Build | Town Center |
| 2:35 | Queue | Villager (Male) |
| 2:36 | Queue | Villager (Male) |
| 2:36 | Queue | Villager (Male) |
| 2:36 | Queue | Villager (Male) |
| 2:36 | Queue | Villager (Male) |
| 2:37 | Queue | Villager (Male) |
| 2:40 | Build | House |
| 3:47 | Queue | Villager (Male) |
| 3:47 | Queue | Villager (Male) |
| 4:14 | Queue | Villager (Male) |
| 4:14 | Queue | Villager (Male) |
| 4:24 | Build | Lumber Camp |
| 4:50 | Queue | Villager (Male) |
| 5:02 | Queue | Villager (Male) |
| 5:03 | Queue | Villager (Male) |
| 5:21 | Queue | Villager (Male) |
| 5:31 | Research | Loom |
| 5:34 | Research | Loom |
| 5:36 | Build | House |
| 5:38 | Queue | Villager (Male) |
| 5:57 | Build | House |
| 5:59 | Queue | Villager (Male) |
| 6:10 | Queue | Villager (Male) |
| 6:31 | Build | Mill |
| 6:50 | Queue | Villager (Male) |
| 6:51 | Queue | Villager (Male) |
| 7:07 | Queue | Villager (Male) |
| 7:35 | Queue | Villager (Male) |
| 8:45 | Research | Feudal Age |
| 8:46 | Research | Feudal Age |
| 9:32 | Build | Barracks |
| 9:44 | Queue | Villager (Male) |
| 10:49 | Age | Feudal Age |
| 10:53 | Build | Stable |
| 11:08 | Queue | Villager (Male) |
| 11:14 | Build | House |
| 11:27 | Research | Double-Bit Axe |
| 11:28 | Research | Double-Bit Axe |
| 11:29 | Queue | Villager (Male) |
| 11:37 | Queue | Scout Cavalry |
| 11:38 | Queue | Scout Cavalry |
| 11:45 | Build | House |
| 11:49 | Queue | Scout Cavalry |
| 11:51 | Queue | Villager (Male) |
| 11:59 | Build | House |
| 12:11 | Queue | Villager (Male) |
| 12:13 | Queue | Scout Cavalry |
| 12:22 | Queue | Villager (Male) |
| 12:33 | Build | Mill |
| 12:43 | Queue | Scout Cavalry |
| 12:47 | Build | House |
| 12:49 | Build | House |
| 12:51 | Build | Palisade Wall |
| 12:52 | Build | Palisade Wall |
| 13:22 | Queue | Villager (Male) |
| 13:40 | Build | Farm |
| 13:44 | Queue | Villager (Male) |
| 13:45 | Queue | Villager (Male) |
| 13:48 | Build | Farm |
| 13:49 | Build | Farm |
| 13:52 | Build | Farm |
| 14:01 | Build | Mining Camp |
| 14:14 | Queue | Villager (Male) |
| 14:27 | Build | House |
| 14:30 | Build | Palisade Wall |
| 14:39 | Queue | Villager (Male) |
| 14:50 | Build | Farm |
| 14:51 | Build | Farm |
| 14:55 | Queue | Scout Cavalry |
| 15:00 | Build | Farm |
| 15:15 | Build | Blacksmith |
| 15:19 | Queue | Scout Cavalry |
| 15:26 | Queue | Scout Cavalry |
| 15:29 | Queue | Villager (Male) |
| 15:30 | Queue | Villager (Male) |
| 15:30 | Queue | Villager (Male) |
| 15:43 | Build | Farm |
| 15:45 | Build | Farm |
| 16:00 | Research | Horse Collar |
| 16:04 | Queue | Villager (Male) |
| 16:04 | Queue | Villager (Male) |
| 16:18 | Build | Farm |
| 16:29 | Queue | Villager (Male) |
| 16:33 | Build | Farm |
| 16:42 | Build | Farm |
| 16:44 | Queue | Villager (Male) |
| 16:57 | Build | Farm |
| 17:23 | Queue | Villager (Male) |
| 17:30 | Build | Farm |
| 17:34 | Build | Palisade Gate |
| 17:37 | Build | Palisade Wall |
| 17:50 | Build | Farm |
| 17:50 | Queue | Villager (Male) |
| 17:52 | Queue | Villager (Male) |
| 18:11 | Queue | Villager (Male) |
| 18:20 | Build | Palisade Wall |
| 18:37 | Queue | Spearman |
| 18:39 | Queue | Villager (Male) |
| 18:43 | Build | Farm |
| 18:43 | Build | Farm |
Match timeline
| 7:27 | [CL] ßitokø × 1876 · wall_segment Palisade Wall x1 |
| 8:30 | [CL] ßitokø × 1876 · wall_segment Palisade Wall x1 |
| 8:51 | [CL] ßitokø × 1876 · wall_segment Palisade Wall x1 |
| 9:32 | [CL] TheCobra · first_building Barracks |
| 10:16 | [CL] Sebag · first_building Barracks |
| 10:43 | [CL] ßitokø × 1876 · first_building Barracks |
| 10:44 | Wicho · wall_segment Palisade Wall x1 |
| 10:49 | [CL] TheCobra · age_up feudal |
| 10:53 | [CL] TheCobra · first_building Stable |
| 11:04 | Wicho · wall_segment Palisade Wall x1 |
| 11:07 | Wicho · wall_segment Palisade Wall x3 |
| 11:17 | Kenny Powers · first_building Barracks |
| 11:25 | Wicho · wall_segment Palisade Wall x1 |
| 11:27 | Wicho · wall_segment Palisade Wall x1 |
| 11:28 | Wicho · wall_segment Palisade Wall x1 |
| 11:49 | [CL] ßitokø × 1876 · age_up feudal |
| 11:50 | [CL] Sebag · age_up feudal |
| 11:52 | [CL] ßitokø × 1876 · first_building Stable |
| 11:53 | [CL] Sebag · first_building Archery Range |
| 11:57 | DbZ_GoGeTa · first_building Barracks |
| 12:04 | DbZ_GoGeTa · wall_segment Palisade Wall x1 |
| 12:07 | DbZ_GoGeTa · wall_segment Palisade Wall x1 |
| 12:24 | Kenny Powers · age_up feudal |
| 12:24 | Wicho · wall_segment Palisade Wall x1 |
| 12:28 | Wicho · wall_segment Palisade Wall x1 |
| 12:30 | Wicho · wall_segment Palisade Wall x1 |
| 12:30 | DbZ_GoGeTa · age_up feudal |
| 12:32 | Wicho · wall_segment Palisade Wall x1 |
| 12:32 | Kenny Powers · first_building Stable |
| 12:41 | Wicho · wall_segment Palisade Wall x1 |
| 12:43 | Wicho · wall_segment Palisade Wall x1 |
| 12:45 | Wicho · wall_segment Palisade Wall x1 |
| 12:46 | DbZ_GoGeTa · first_building Stable |
| 12:47 | [CL] ßitokø × 1876 · wall_segment Palisade Wall x3 |
| 12:48 | Wicho · wall_segment Palisade Wall x5 |
| 12:50 | [CL] ßitokø × 1876 · wall_segment Palisade Wall x11 |
| 12:51 | [CL] ßitokø × 1876 · wall_segment Palisade Wall x3 |
| 12:51 | [CL] TheCobra · wall_segment Palisade Wall x1 |
| 12:52 | [CL] TheCobra · wall_segment Palisade Wall x1 |
| 13:10 | Wicho · wall_segment Palisade Wall x3 |
| 13:15 | [CL] ßitokø × 1876 · wall_segment Palisade Wall x9 |
| 13:19 | Wicho · age_up feudal |
| 13:19 | [CL] ßitokø × 1876 · wall_segment Palisade Wall x14 |
| 13:27 | Wicho · wall_segment Palisade Wall x1 |
| 13:38 | Kenny Powers · wall_segment Palisade Wall x1 |
| 13:43 | Wicho · wall_segment Palisade Wall x1 |
| 13:59 | Wicho · wall_segment Palisade Wall x4 |
| 14:07 | DbZ_GoGeTa · wall_segment Palisade Wall x1 |
| 14:07 | [CL] ßitokø × 1876 · wall_segment Palisade Wall x10 |
| 14:11 | Kenny Powers · wall_segment Palisade Wall x1 |
| 14:15 | [CL] ßitokø × 1876 · wall_segment Palisade Wall x1 |
| 14:17 | [CL] ßitokø × 1876 · wall_segment Palisade Wall x1 |
| 14:24 | DbZ_GoGeTa · wall_segment Palisade Wall x1 |
| 14:26 | DbZ_GoGeTa · wall_segment Palisade Wall x1 |
| 14:30 | [CL] TheCobra · wall_segment Palisade Wall x11 |
| 14:32 | DbZ_GoGeTa · wall_segment Palisade Wall x10 |
| 14:43 | Kenny Powers · wall_segment Palisade Wall x1 |
| 14:47 | [CL] ßitokø × 1876 · wall_segment Palisade Wall x5 |
| 14:58 | Wicho · first_building Barracks |
| 15:33 | [CL] ßitokø × 1876 · wall_segment Palisade Wall x1 |
| 16:40 | Wicho · wall_segment Palisade Wall x4 |
| 17:15 | Wicho · wall_segment Palisade Wall x1 |
| 17:16 | Wicho · wall_segment Palisade Wall x1 |
| 17:17 | Wicho · wall_segment Palisade Wall x1 |
| 17:19 | Wicho · wall_segment Palisade Wall x1 |
| 17:22 | Wicho · wall_segment Palisade Wall x1 |
| 17:34 | Wicho · wall_segment Palisade Wall x1 |
| 17:37 | [CL] TheCobra · wall_segment Palisade Wall x10 |
| 17:48 | Wicho · age_up castle |
| 18:04 | Wicho · first_building Castle |
| 18:11 | Wicho · wall_segment Palisade Wall x3 |
| 18:13 | DbZ_GoGeTa · resign |
| 18:20 | [CL] TheCobra · wall_segment Palisade Wall x1 |
| 18:39 | [CL] ßitokø × 1876 · wall_segment Palisade Wall x1 |
[ AI ANALYSIS · 1 CREDIT ]
What really happened in this match?
Wolo.gg analyzes every decision: build order, eco, micro, common mistakes by bracket. Personalized analysis on WhatsApp or Discord in 30 seconds.
Civ guide
Berbers
Perfil
Jugador #480282